 Dungeon Crawl Stone Soup version 0.30-a0-939-gc8157cb160 (webtiles) character file.

Game seed: 14844946810287770633

1493342 nakedcarnage the Slayer (level 27, 101/165 HPs)
             Began as an Octopode Wanderer on Mar 24, 2023.
             Was a High Priest of Hepliaklqana.
             Escaped with the Orb
             ... and 3 runes on Mar 25, 2023!
             The game lasted 02:54:02 (87939 turns).

nakedcarnage the Slayer (Octopode Wanderer)        Turns: 87939, Time: 02:54:02

Health: 101/165    AC:  7    Str: 14    XL:     27
Magic:  37/52      EV: 43    Int: 31    God:    Hepliaklqana [*****.]
Gold:   2419       SH: 15    Dex: 24    Spells: 34/58 levels left

rFire   + + .      SeeInvis .    F - +9 demon trident (elec)
rCold   + + +      Faith    .    p - +2 shield of Resistance {rF++ rC++ Will++}
rNeg    + . .      Spirit   .    c - +2 hat "Zaakh" {Dex+5}
rPois   +          Reflect  .    V - amulet of regeneration
rElec   +          Rampage  .    Z - ring "Bufadoqu" {rElec rC++ EV+5 Str-4 Int+2}
rCorr   +                        r - +4 ring of slaying
Will    +++++                    C - ring "Maottaqa" {AC+4 Int+2}
Stlth   +                        J - +6 ring of dexterity
HPRegen 1.27/turn                P - ring "Yvouny" {Fly rPois Will+ Dex+2 Stlth+}
MPRegen 0.33/turn                y - ring of the Harvest {rCorr MP+9 Str+3 Stlth-}
                                 B - +5 ring of evasion
                                 M - ring of Ecve {rN+ Will+ EV+5 Int+2 Slay+3}

@: flying, studying 3 skills
A: reduced essence, almost no armour, amphibious, 8 rings, camouflage 1,
gelatinous body 1, (nimble swimmer 1), tentacles, frail 1
0: Orb of Zot
}: 3/15 runes: serpentine, barnacled, slimy
a: Renounce Religion, Recall Ancestor, Ancestor Identity, Transference, Idealise


You escaped.
You worshipped Hepliaklqana.
Hepliaklqana was extremely pleased with you.
You visited 12 branches of the dungeon, and saw 55 of its levels.
You visited 1 bazaar.
You also visited: Sewer, Bailey and Wizlab.

You collected 7569 gold pieces.
You spent 5150 gold pieces at shops.

Inventory:

Hand Weapons
 q - a +9 demon trident of freezing
 F - a +9 demon trident of electrocution (weapon)
 T - a +4 vampiric demon trident
Missiles
 g - a curare-tipped dart
 l - 9 throwing nets (quivered) {!f}
Armour
 c - the +2 hat "Zaakh" (worn) {Dex+5}
   (You acquired it on level 4 of the Vaults)

   Dex:       It affects your dexterity (+5).
 p - the +2 shield of Resistance (worn) {rF++ rC++ Will++}
   (You acquired it on level 14 of the Dungeon)

   rF:        It greatly protects you from fire.
   rC:        It greatly protects you from cold.
   Will:      It greatly increases your willpower.
Magical Staves
 k - a staff of conjuration
Jewellery
 f - a +6 ring of strength
 r - a +4 ring of slaying (right tentacle)
 y - the ring of the Harvest (on tentacle) {rCorr MP+9 Str+3 Stlth-}
   (You took it off a deep elf annihilator on level 3 of the Elven Halls)

   [ring of magical power]

   Str:       It affects your strength (+3).
   MP:        It affects your magic capacity (+9).
   rCorr:     It protects you from acid and corrosion.
   Stlth:     It makes you less stealthy.
 B - a +5 ring of evasion (on tentacle)
 C - the ring "Maottaqa" (on tentacle) {AC+4 Int+2}
   (You bought it in a shop on level 2 of the Snake Pit)

   [ring of protection]

   AC:        It affects your AC (+4).
   Int:       It affects your intelligence (+2).
 D - the ring of Xeduis {Will+++ rCorr Str+7 Dex-3 SInv}
   (You took it off a deep elf death mage on level 3 of the Elven Halls)

   [ring of see invisible]

   Str:       It affects your strength (+7).
   Dex:       It affects your dexterity (-3).
   SInv:      It lets you see invisible.
   rCorr:     It protects you from acid and corrosion.
   Will:      It greatly increases your willpower.
 E - a ring of see invisible
 J - a +6 ring of dexterity (on tentacle)
 M - the ring of Ecve (on tentacle) {rN+ Will+ EV+5 Int+2 Slay+3}
   (You acquired it on level 14 of the Dungeon)

   [ring of evasion]

   EV:        It affects your evasion (+5).
   Int:       It affects your intelligence (+2).
   Slay:      It affects your accuracy & damage with ranged weapons and melee
   (+3).
   rN:        It protects you from negative energy.
   Will:      It increases your willpower.
 O - an amulet of reflection
 P - the ring "Yvouny" (on tentacle) {Fly rPois Will+ Dex+2 Stlth+}
   (You acquired it on level 3 of the Snake Pit)

   [ring of flight]

   Dex:       It affects your dexterity (+2).
   rPois:     It protects you from poison.
   Fly:       It grants you flight.
   Will:      It increases your willpower.
   Stlth:     It makes you more stealthy.
 Q - the ring "Wiloklym" {Fly rPois rC+ rN+++ Str-5}
   (You took it off a deep elf blademaster on level 3 of the Elven Halls)

   [ring of protection from cold]

   Str:       It affects your strength (-5).
   rC:        It protects you from cold.
   rPois:     It protects you from poison.
   rN:        It renders you almost immune to negative energy.
   Fly:       It grants you flight.
 R - a ring of wizardry
 S - a ring of protection from fire
 V - an amulet of regeneration (around mantle)
 W - a +6 ring of intelligence
 Z - the ring "Bufadoqu" (left tentacle) {rElec rC++ EV+5 Str-4 Int+2}
   (You took it off a deep elf high priest on level 3 of the Elven Halls)

   [ring of evasion]

   EV:        It affects your evasion (+5).
   Str:       It affects your strength (-4).
   Int:       It affects your intelligence (+2).
   rC:        It greatly protects you from cold.
   rElec:     It insulates you from electricity.
Wands
 m - a wand of mindburst (22)
 v - a wand of digging (5) {@v3}
 H - a wand of charming (41)
 I - a wand of light (26)
 X - a wand of roots (39)
Scrolls
 s - 2 scrolls of silence
 u - a scroll of enchant weapon
 w - 16 scrolls of teleportation {@r3}
 z - 4 scrolls of magic mapping {@r5}
 A - 10 scrolls of fog
 G - 6 scrolls of fear
 L - 2 scrolls of blinking {@r4}
 Y - 7 scrolls of vulnerability
Potions
 a - 4 potions of magic
 b - 5 potions of lignification
 h - 6 potions of might {@q3}
 j - 8 potions of brilliance
 n - 6 potions of ambrosia
 o - 22 potions of curing {@q1}
 t - 9 potions of cancellation
 x - a potion of invisibility
 K - 8 potions of heal wounds {@q2}
 N - 12 potions of mutation
 U - 5 potions of resistance {@q5}
Miscellaneous
 d - a box of beasts
 e - a phantom mirror
 i - a phial of floods


   Skills:
 - Level 22.0 Fighting
 - Level 14.0 Polearms
 - Level 18.0 Dodging
 - Level 1.3 Stealth
 - Level 10.0 Shields
 - Level 16.0 Spellcasting
 - Level 20.5 Conjurations
 - Level 5.0 Summonings
 * Level 12.4 Necromancy
 - Level 5.0 Translocations
 - Level 3.0 Transmutations
 - Level 2.0 Ice Magic
 + Level 21.9 Earth Magic
 - Level 10.0 Invocations
 - Level 6.6 Evocations


You had 34 spell levels left.
You knew the following spells:

 Your Spells              Type           Power      Damage    Failure   Level
a - Passwall              Tmut/Erth      66%        N/A       1%          2
b - Passage of Golubria   Tloc           54%        N/A       4%          4
c - Borgnjor's Vile Clut  Necr/Erth      46%        N/A       1%          5
d - Call Canine Familiar  Summ           54%        N/A       1%          3
e - Ozocubu's Armour      Ice            37%        N/A       4%          3
f - Iron Shot             Conj/Erth      51%        9d10      1%          6
h - Apportation           Tloc           100%       N/A       1%          1

Your spell library contained the following spells:

 Spells                   Type           Power      Damage    Failure   Level
 Kiss of Death            Conj/Necr      100%       2d13      0%          1
 Magic Dart               Conj           100%       1d8       0%          1
 Sandblast                Erth           100%       2d20      0%          1
 Searing Ray              Conj           100%       2d8       0%          2
 Stone Arrow              Conj/Erth      100%       3d13      0%          3
 Freeze                   Ice            100%       1d10      1%          1
 Necrotise                Necr           100%       1d9       1%          1
 Sting                    Tmut/Pois      100%       1d8       1%          1
 Summon Small Mammal      Summ           100%       N/A       1%          1
 Cigotuvi's Dreadful Rot  Necr/Pois/Air  100%       N/A       1%          2
 Sublimation of Blood     Necr           80%        N/A       1%          2
 Wereblood                Tmut           43%        N/A       1%          2
 Dazzling Flash           Conj/Hex       100%       N/A       1%          3
 Hailstorm                Conj/Ice       76%        3d16      1%          3
 Vampiric Draining        Necr           80%        2d11      1%          3
 Dispel Undead            Necr           80%        3d26      1%          4
 Fulminant Prism          Conj/Hex       36%        3d17      1%          4
 Petrify                  Tmut/Erth      80%        N/A       1%          4
 Agony                    Necr           80%        N/A       1%          5
 Anguish                  Hex/Necr       29%        N/A       3%          4
 Death Channel            Necr           40%        N/A       3%          6
 Frozen Ramparts          Ice            74%        1d12      4%          3
 Summon Guardian Golem    Hex/Summ       40%        N/A       4%          3
 Vhi's Electric Charge    Tloc/Air       80%        N/A       4%          3
 Manifold Assault         Tloc           54%        N/A       4%          4
 Lehudib's Crystal Spear  Conj/Erth      51%        10d12     4%          8
 Poisonous Vapours        Pois/Air       48%        N/A       6%          2
 Summon Ice Beast         Ice/Summ       46%        N/A       9%          4
 Ice Form                 Ice/Tmut       40%        N/A       14%         4
 Summon Lightning Spire   Summ/Air       40%        N/A       14%         4
 Blade Hands              Tmut           21%        N/A       30%         5
 Simulacrum               Ice/Necr       31%        N/A       30%         6
 Airstrike                Air            12%        2d(2-18)  36%         4
 Olgreb's Toxic Radiance  Pois           24%        N/A       36%         4
 Alistair's Intoxication  Tmut/Pois      22%        N/A       50%         5
 Metabolic Englaciation   Hex/Ice        15%        N/A       56%         5
 Dispersal                Tloc           27%        N/A       58%         6
 Plasma Beam              Fire/Air       12%        2x1d25    71%         5
 Silence                  Hex/Air        12%        N/A       71%         5
 Eringya's Noxious Bog    Tmut/Pois      17%        N/A       97%         6
 Summon Hydra             Summ           27%        N/A       99%         7
 Dragon Form              Tmut           21%        N/A       100%        7
 Enfeeble                 Hex            12%        N/A       100%        7
 Ozocubu's Refrigeration  Ice            18%        4d11      100%        7
 Storm Form               Tmut/Air       17%        N/A       100%        7
 Disjunction              Tloc           27%        N/A       100%        8
 Ignition                 Fire           12%        3d6       100%        8
 Maxwell's Capacitive Co  Air            12%        ∞         100%        8
 Animate Armour           Summ/Erth      Unusable   N/A       N/A         4

Dungeon Overview and Level Annotations

Branches:
Dungeon (15/15)            Temple (1/1) D:7            Lair (5/5) D:8
 Shoals (4/4) Lair:3        Snake (4/4) Lair:3        Slime (5/5) Lair:4
    Orc (2/2) D:10            Elf (3/3) Orc:2        Vaults (4/5) D:13
  Crypt (3/3) Vaults:3       Tomb (0/3) Crypt:3      Depths (4/4) D:15
    Zot (5/5) Depths:4      Sewer (visited)          Bailey (visited)
 WizLab (visited)

Altars:
Ashenzari
Cheibriados
Dithmenos
Elyvilon
Fedhas
Gozag
Hepliaklqana
Kikubaaqudgha
Makhleb
Nemelex Xobeh
Okawaru
Qazlal
Ru
Sif Muna
Trog
Uskayaw
Vehumet
Wu Jian
Xom
Yredelemnul
Zin
The Shining One
Jiyva

Shops:
D:5 [(   D:9 =   Orc:2 **(!(   Elf:1 [   Elf:2 [:   Shoals:2 [   Snake:1 ?
Snake:2 *:[*   Snake:3 *   Snake:4 (   Vaults:1 [   Vaults:3 (   Zot:5 *
Depths:2 :

Portals:
Hell: Depths:1 Depths:2 Depths:3 Depths:4
Abyss: Depths:1 Depths:3 Depths:4
Pandemonium: Depths:1 Depths:2
Ziggurat: Depths:3

Annotations:
D:6 exclusion: downstairs
D:7 exclusion: downstairs
Lair:3 exclusion: 2 downstairs
Shoals:2 exclusion: kraken
Elf:2 3 runed translucent doors
Crypt:3 1 runed translucent door, Asajosug's ghost, legendary GrBe
Zot:1 exclusion: downstairs
Zot:2 Parghit
Zot:5 exclusion: orange crystal statue


Innate Abilities, Weirdness & Mutations

Your life essence is reduced to manifest your ancestor. (-10% HP)
You cannot wear most types of armour.
You are amphibious.
You can wear up to eight rings at the same time.
Your skin changes colour to match your surroundings (Stealth+).
Your rubbery body absorbs attacks. (AC +1, EV +1)
((You are camouflaged when in or above water. (Stealth+)))
You have tentacles for arms and can constrict up to eight enemies at once.
You are frail. (-10% HP)


Message History

Aiming: Passwall (safe; 1% risk of failure)
A rock wall.
This square is covered in magical glow.
You begin to meditate on the wall.
You continue meditating on the rock. x2
You finish merging with the rock.
Casting: Passwall (safe; 1% risk of failure)
Aiming: Passwall (safe; 1% risk of failure)
A rock wall.
This square is covered in magical glow.
You begin to meditate on the wall.
You continue meditating on the rock. x2
You finish merging with the rock.
You fly upwards.
There is a stone staircase leading down here.
There is a stone staircase leading up here.
You fly upwards.
There is a stone staircase leading down here.
HP restored.
There is an open door here.
A Tzitzimitl comes into view.
Bojana is recalled.
The Tzitzimitl calls on the powers of darkness!
Your body is wracked with pain!
Hepliaklqana grants Bojana healing and protection!
Bojana mumbles some strange words.
Bojana seems to speed up.
Casting: Passwall (safe; 1% risk of failure)
Aiming: Iron Shot (mildly dangerous; 1% risk of failure)
Aim: a Tzitzimitl (ally target, 61% to hit)
The iron shot misses the Tzitzimitl.
Casting: Iron Shot (mildly dangerous; 1% risk of failure)
Aiming: Iron Shot (mildly dangerous; 1% risk of failure)
Aim: a Tzitzimitl (ally target, 61% to hit)
The iron shot hits the Tzitzimitl!!
Bojana gestures at the Tzitzimitl while chanting.
The crystal spear hits the Tzitzimitl!!!!
The Tzitzimitl dies!
Blink to where?
As you read the scroll of blinking {@r4}, it crumbles to dust.
There is a staircase leading out of the dungeon here.
You have escaped!

### ##@#
##..#
####...##
##...R...#
######
##........##
.....#
#..........#
####.#
##.........#
# #.#
##........##
# #.##
##........#


You could see the friendly Bojana the battlemage (fast, idealised).

Vanquished Creatures
  the Royal Jelly (Slime:5)
  3 dread liches
  4 ancient liches
  An orb of fire (Zot:5)
  Boris (thrice) (Vaults:3 Depths:4 Crypt:2)
  Josephina (Crypt:2)
  Bai Suzhen (Vaults:3)
  A shard shrike (Zot:1)
  A Killer Klown (Zot:5)
  A golden dragon (Depths:4)
  Nikola (Shoals:3)
  A Tzitzimitl (D:7)
  A bone dragon (Crypt:3)
  7 tentacled monstrosities
  3 electric golems
  Zenata (Elf:3)
  3 liches (Depths:3)
  15 Orb Guardians (Zot:5)
  A walking earthen tome (Depths:3)
  3 quicksilver dragons
  6 deep elf blademasters
  13 acid blobs (Slime:5)
  Polyphemus (Shoals:4)
  A deep elf master archer (Elf:3)
  2 sphinxes
  2 Executioners
  3 death cobs
  Kirke (Lair:4)
  5 ancient champions (Crypt:3)
  2 shadow dragons (Zot:3)
  2 tengu reavers
  Ilsuiw (Shoals:2)
  A nagaraja (Snake:4)
  5 storm dragons
  3 rockslimes
  2 draconian knights
  2 draconian monks (Zot:2)
  9 azure jellies
  6 fire giants
  2 frost giants
  2 iron dragons
  2 deep elf sorcerers
  3 draconian scorchers
  2 draconian shifters (Zot:5)
  5 vault wardens
  Louise (Shoals:3)
  4 draconian stormcallers
  A ghoul (Crypt:3)
  A draconian annihilator (Zot:2)
  2 deep elf elementalists (Elf:3)
  A reaper (Crypt:3)
  An angel (D:12)
  A juggernaut skeleton (Crypt:3)
  8 ironbound preservers
  2 war gargoyles
  3 orc warlords
  5 caustic shrike skeletons
  5 quicksilver oozes
  6 stone giants
  17 very ugly things
  3 vampire knights
  2 green draconians (Zot:2)
  13 deep elf annihilators
  4 ironbound thunderhulks
  5 elemental wellsprings (Shoals:2)
  Azrael (D:15)
  2 deep elf demonologists
  4 black draconians
  2 pale draconians (Depths:4)
  4 white draconians
  A minotaur (Depths:1)
  2 purple draconians
  8 red draconians
  6 dire elephants
  3 yellow draconians
  4 spark wasps (Depths:3)
  2 eidola
  Snorg (D:10)
  A crystal guardian (Vaults:3)
  A deep elf death mage (Elf:3)
  5 fire dragons
  4 jiangshi
  6 ettins
  10 merfolk impalers
  5 merfolk javelineers
  An entropy weaver (Vaults:2)
  A spriggan zombie (Crypt:2)
  4 yaktaur captains
  2 deep elf high priests
  A salamander tyrant (Snake:4)
  3 quicksilver dragon skeletons (Crypt:3)
  2 spriggan air magi (Depths:4)
  A peacekeeper (Vaults:1)
  2 vault guards (Vaults:3)
  2 spriggan skeletons
  5 catoblepae
  9 centaur warriors
  7 ice dragons
  3 hydras
  A merfolk avatar (Shoals:1)
  2 great orbs of eyes
  4 ogre magi (Orc:2)
  8 ironbound frosthearts
  9 anacondas
  A merfolk aquamancer (Shoals:2)
  16 two-headed ogres
  4 deep troll shamans
  3 alligator snapping turtles
  2 boulder beetles
  15 death yaks
  2 tengu warriors
  A satyr (Shoals:2)
  A spriggan berserker (Depths:4)
  4 naga warriors
  4 orc high priests
  18 dancing weapons
  3 vampire magi
  7 deep troll earth magi
  5 naga sharpshooters
  2 hell hogs (D:3)
  8 deep elf knights
  8 shock serpents
  A skyshark (Shoals:1)
  10 iron trolls
  11 hell knights
  An emperor scorpion zombie (Crypt:2)
  19 skeletal warriors
  A titan skeleton (Crypt:3)
  A shadow wraith (Crypt:3)
  A storm dragon skeleton (D:15)
  6 salamander mystics
  14 sea snakes
  2 flayed ghosts
  3 glowing orange brains
  7 deep elf archers
  40 deep trolls
  3 naga ritualists
  A bunyip skeleton (Crypt:3)
  An anaconda zombie (Crypt:2)
  7 lindwurms
  8 orc knights
  17 deep elf pyromancers
  5 phantasmal warriors
  16 harpies
  21 deep elf zephyrmancers
  A fenstrider witch simulacrum (Crypt:2)
  8 wizards
  5 necromancers
  An oklob plant (Lair:5)
  10 ironbound convokers
  12 fauns
  An iron dragon zombie (Depths:1)
  8 mana vipers
  3 orc sorcerers
  25 ugly things
  12 manticores
  A sphinx skeleton (Crypt:1)
  13 moths of wrath
  15 salamanders
  4 cyclopes
  A naga zombie (Crypt:1)
  A torpor snail (Lair:5)
  6 merfolk sirens
  9 elephants
  An orange demon (Depths:4)
  26 black mambas
  6 naga magi
  14 vault sentinels
  An eye of devastation (Slime:5)
  8 cane toads
  4 guardian serpents
  Maggie (D:8)
  A gargoyle (D:13)
  A rime drake (Lair:4)
  2 centaur skeletons (Crypt:3)
  A kobold demonologist (D:11)
  3 komodo dragons
  An alligator snapping turtle skeleton (Crypt:3)
  A tengu conjurer (D:13)
  3 freezing wraiths
  21 yaktaurs
  A harpy zombie (Crypt:1)
  3 trolls
  2 wind drakes
  2 polar bears
  11 merfolk
  2 hornets (Depths:4)
  A hornet (shapeshifter) (Elf:2)
  7 blink frogs
  2 dream sheep (Shoals:3)
  41 slime creatures
  9 snapping turtles
  An ice dragon zombie (Crypt:2)
  A jumping spider (shapeshifter) (Elf:1)
  3 air elementals
  A dire elephant simulacrum (Crypt:2)
  12 water elementals
  2 wraiths
  2 vampires
  3 spriggans
  7 hogs (Lair:4)
  4 wyverns
  A wind drake zombie (Crypt:1)
  A shadow (D:12)
  50 yaks
  Grum (D:9)
  7 fire elementals
  9 humans (D:13)
  A slime creature zombie (Crypt:2)
  7 basilisks
  8 vampire mosquitoes
  3 redbacks (Vaults:2)
  3 steam dragons
  3 acid dragons
  A human zombie (D:15)
  2 wargs
  25 nagas
  3 hell hounds (D:15)
  8 water moccasins
  A floating eye (Depths:3)
  2 ice beasts
  25 orc warriors
  A water nymph skeleton (Crypt:3)
  7 black bears
  A large abomination (Zot:1)
  7 wolves
  A centaur (shapeshifter) (D:14)
  6 centaurs
  21 ogres
  A phantom (D:4)
  4 kobold brigands
  10 bullfrogs
  An earth elemental (Elf:1)
  A gnoll sergeant (D:10)
  2 scorpions
  19 wights
  3 jellies (Lair:4)
  5 killer bees
  2 electric eels
  6 howler monkeys
  15 orc priests
  8 hounds
  9 iguanas
  Natasha (thrice) (D:3)
  12 orc wizards
  A black bear skeleton (Crypt:1)
  An ice beast zombie (Crypt:3)
  A mummy (Crypt:1)
  8 gnolls
  2 river rats (Sewer)
  10 adders
  4 ufetubi
  A lava snake skeleton (Crypt:3)
  A worm (D:5)
  3 dart slugs
  76 orcs
  5 bats
  8 endoplasms
  3 giant cockroaches
  17 goblins
  7 hobgoblins
  A quokka (D:5)
  14 ball pythons
  A ball python skeleton (Crypt:3)
  A dart slug zombie (Crypt:3)
  8 frilled lizards
  24 kobolds
  15 rats
  2 rat skeletons (Crypt:2)
1528 creatures vanquished.

Vanquished Creatures (collateral kills)
  4 dread liches (Zot:5)
  Khufu (Crypt:1)
  An orb of fire (Zot:5)
  2 ancient liches (Zot:5)
  Mara (Snake:3)
  3 juggernauts
  2 Killer Klowns (Zot:5)
  Vashnia (Snake:4)
  3 golden dragons
  A Tzitzimitl (D:1)
  3 tentacled monstrosities
  A shard shrike skeleton (Crypt:3)
  10 Orb Guardians (Zot:5)
  Asterion (Elf:3)
  A deep elf master archer (Elf:3)
  3 acid blobs
  4 ancient champions
  3 death cobs
  A sphinx (Vaults:3)
  A storm dragon (Zot:3)
  4 shadow dragons
  2 tengu reavers
  3 azure jellies (Slime:5)
  5 rockslimes (Slime:5)
  3 revenants
  3 draconian knights
  2 frost giants
  2 nagarajas (Snake:4)
  2 draconian monks
  4 draconian scorchers
  A fire giant (Depths:2)
  2 deep elf sorcerers (Elf:3)
  3 curse skulls
  A ghoul (Crypt:3)
  2 quicksilver oozes
  5 vault wardens
  A spriggan defender (Depths:1)
  3 ironbound thunderhulks
  6 very ugly things
  A draconian stormcaller (Zot:1)
  5 ironbound preservers
  2 draconian annihilators (Zot:2)
  2 stone giants (Depths:3)
  6 vampire knights
  A caustic shrike skeleton (Crypt:3)
  7 green draconians
  A reaper (Crypt:3)
  2 black draconians
  An elemental wellspring (Shoals:2)
  A deep elf annihilator (Elf:3)
  2 yellow draconians
  A red draconian (Depths:4)
  7 dire elephants
  5 purple draconians
  3 white draconians
  2 eidola (Crypt:3)
  4 ettins
  A deep elf death mage (Elf:3)
  6 jiangshi
  An entropy weaver (Vaults:2)
  A green death (Zot:2)
  4 yaktaur captains
  5 fire dragons
  5 great orbs of eyes
  2 merfolk impalers (Shoals:4)
  A rakshasa (Depths:1)
  A spriggan zombie (Crypt:3)
  2 caustic shrike simulacra
  2 peacekeepers
  A salamander tyrant (Snake:3)
  3 hydras
  A vault guard (Vaults:3)
  2 ironbound frosthearts
  A merfolk avatar (Shoals:1)
  A quicksilver dragon skeleton (Crypt:3)
  A catoblepas (Shoals:4)
  A spriggan skeleton (Crypt:3)
  7 two-headed ogres
  A satyr (Shoals:3)
  3 dancing weapons
  2 alligator snapping turtles
  5 anacondas
  3 boulder beetles
  9 centaur warriors
  3 deep troll shamans
  8 vampire magi
  10 naga warriors
  4 death yaks
  A spriggan berserker (Depths:3)
  3 deep troll earth magi
  A hell hog (D:3)
  7 naga sharpshooters
  6 hell knights
  A sun demon (Zot:3)
  4 shock serpents
  3 soul eaters
  2 deep elf knights
  An iron troll (Depths:1)
  2 titan skeletons
  19 skeletal warriors
  4 skysharks
  3 salamander mystics (Snake:4)
  28 deep trolls
  4 sea snakes
  A shadow wraith (Crypt:2)
  3 flayed ghosts
  4 lindwurms
  3 harpies
  A bog body (Crypt:3)
  2 orc knights
  3 wizards
  A deep elf archer (Elf:1)
  6 ironbound convokers
  A bunyip skeleton (Crypt:1)
  2 naga ritualists
  4 deep elf zephyrmancers
  4 manticores
  4 deep elf pyromancers
  7 mana vipers
  3 phantasmal warriors
  12 ugly things
  3 necromancers
  2 cyclopes
  17 salamanders
  7 moths of wrath
  3 shining eyes
  2 fauns
  6 black mambas
  A guardian serpent (Snake:3)
  16 elephants
  4 vault sentinels
  A fire giant skeleton (Crypt:3)
  2 merfolk sirens
  8 naga magi
  A torpor snail (Lair:4)
  An eye of devastation (Slime:5)
  A water nymph (Shoals:4)
  A catoblepas zombie (Crypt:2)
  An unseen horror zombie (Crypt:3)
  2 cane toads
  12 yaktaurs
  2 centaur skeletons (Crypt:3)
  3 human zombies (Vaults:1)
  5 komodo dragons
  A grey draconian skeleton (Crypt:2)
  A tormentor (D:14)
  2 freezing wraiths
  2 trolls (D:12)
  4 wind drakes
  18 merfolk
  A hornet (D:9)
  6 blink frogs
  A harpy skeleton (Crypt:3)
  A tarantella (Vaults:2)
  A snapping turtle (Shoals:4)
  3 dream sheep (Shoals:3)
  A boulder beetle zombie (Crypt:1)
  A fire dragon zombie (Crypt:2)
  A centaur simulacrum (Crypt:1)
  25 slime creatures
  A wraith (Crypt:1)
  A shadow (D:10)
  7 basilisks
  3 vampires
  2 wyverns
  5 water elementals
  30 yaks
  4 golden eyes (Slime:4)
  7 humans (D:13)
  2 redbacks (Vaults:2)
  A steam dragon (Depths:4)
  3 vampire mosquitoes
  2 harpy simulacra (Crypt:2)
  19 nagas
  An acid dragon (Depths:4)
  2 wargs
  7 water moccasins
  A hell hound (D:15)
  8 orc warriors
  A cane toad skeleton (Crypt:2)
  A lindwurm skeleton (Crypt:2)
  10 wolves
  5 centaurs
  9 ogres
  A manticore skeleton (Crypt:1)
  4 kobold brigands (D:10)
  4 bullfrogs
  An earth elemental (Orc:2)
  A human simulacrum (Depths:1)
  7 wights
  6 killer bees
  A howler monkey (D:13)
  5 orc priests
  A human skeleton (Crypt:2)
  An ogre zombie (Crypt:1)
  2 mummies (Crypt:1)
  2 adders (D:5)
  5 gnolls
  13 orcs
757 creatures vanquished.

Vanquished Creatures (others)
  A fire dragon (Depths:4)
  A boulder beetle (D:13)
  A deep troll earth mage (Depths:3)
  An iron troll (Depths:4)
  A wizard (Vaults:4)
  A tengu zombie (D:15)
  A deep elf zephyrmancer (Elf:3)
  A manticore (Shoals:2)
  A black mamba (Lair:4)
  An unseen horror (D:10)
  An air elemental (Elf:2)
  2 yaks
  2 wolves (D:9)
  73 battlemagi
  A gnoll bouda (D:5)
  9 ancestors
  A gnoll (D:5)
  91 fungi
  217 plants
  12 withered plants
419 creatures vanquished.

Grand Total: 2704 creatures vanquished

Notes
Turn   | Place    | Note
-------+----------+-------------------------------------------
     0 | D:1      | nakedcarnage the Octopode Wanderer began the quest for the
                  | Orb.
     0 | D:1      | nakedcarnage set off with the following items: a +0 club, a
                  | potion of berserk rage, a +0 hat; and the following spells
                  | available to memorise: Sandblast, Kiss of Death, Vampiric
                  | Draining, Stone Arrow, Petrify.
     0 | D:1      | Reached XP level 1. HP: 14/14 MP: 3/3
     2 | D:1      | Learned a level 1 spell: Sandblast
     4 | D:1      | Learned a level 1 spell: Kiss of Death
   299 | D:1      | Reached XP level 2. HP: 19/19 MP: 0/5
  1062 | D:1      | Found a faded altar of an unknown god.
  1089 | D:2      | Reached XP level 3. HP: 23/24 MP: 6/6
  1093 | D:2      | Learned a level 3 spell: Stone Arrow
  1542 | D:3      | Noticed Natasha
  1837 | D:3      | Reached XP level 4. HP: 29/29 MP: 7/7
  2090 | D:3      | Reached skill level 3 in Fighting
  2090 | D:3      | Reached skill level 1 in Dodging
  2198 | D:3      | Killed Natasha
  2199 | D:3      | Reached XP level 5. HP: 27/36 MP: 8/8
  2250 | D:3      | Noticed Natasha
  2255 | D:3      | Killed Natasha
  2306 | D:3      | Noticed Natasha
  2392 | D:3      | Killed Natasha
  2695 | D:3      | Learned a level 3 spell: Call Canine Familiar
  2705 | D:3      | Reached skill level 4 in Fighting
  2705 | D:3      | Reached XP level 6. HP: 29/44 MP: 6/9
  3191 | D:4      | Reached skill level 1 in Evocations
  3203 | D:4      | Reached skill level 5 in Fighting
  3388 | D:4      | Reached XP level 7. HP: 47/50 MP: 4/10
  4052 | D:5      | Entered Level 5 of the Dungeon
  4186 | D:5      | Found Rarphip's Antique Armour Boutique.
  4195 | D:5      | Found Sawouh Zadd's Firing Range.
  4217 | D:5      | Bought a throwing net for 36 gold pieces
  4217 | D:5      | Bought a throwing net for 36 gold pieces
  4297 | D:5      | Found a glowing drain.
  4301 | Sewer    | Entered a sewer
  4444 | Sewer    | Reached XP level 8. HP: 57/57 MP: 11/11
  4462 | Sewer    | Reached skill level 6 in Fighting
  4847 | D:5      | Learned a level 3 spell: Ozocubu's Armour
  5754 | D:6      | Reached skill level 7 in Fighting
  5754 | D:6      | Reached skill level 1 in Conjurations
  7511 | D:7      | Reached skill level 1 in Summonings
  7511 | D:7      | Reached XP level 9. HP: 65/65 MP: 10/13
  7622 | D:7      | Found a flagged portal.
  7634 | Bailey   | Entered a bailey
  7646 | Bailey   | Reached skill level 8 in Fighting
  7957 | D:7      | Found a staircase to the Ecumenical Temple.
  7969 | Temple   | Entered the Ecumenical Temple
  8258 | D:7      | Reached skill level 5 in Summonings
  8431 | D:7      | Reached skill level 1 in Ice Magic
  8476 | D:7      | Reached skill level 5 in Evocations
  8730 | D:7      | Found an opulent altar of Gozag.
  8734 | D:7      | Found a white marble altar of Elyvilon.
  8744 | D:7      | Found an ornate altar of the Wu Jian Council.
  8855 | D:7      | Found an iron altar of Okawaru.
  8855 | D:7      | Found an ancient bone altar of Kikubaaqudgha.
  8855 | D:7      | Found a hide-covered altar of Uskayaw.
  8855 | D:7      | Found a shimmering altar of Xom.
  8855 | D:7      | Found a shimmering blue altar of Sif Muna.
  8856 | D:7      | Found a bloodstained altar of Trog.
  8858 | D:7      | Found a burning altar of Makhleb.
  8859 | D:7      | Found a hazy altar of Hepliaklqana.
  8860 | D:7      | Found a blossoming altar of Fedhas.
  8865 | D:7      | Became a worshipper of Hepliaklqana the Forgotten
  9103 | D:8      | Noticed a two-headed ogre
  9115 | D:8      | Killed a two-headed ogre
  9116 | D:8      | Reached skill level 9 in Fighting
  9116 | D:8      | Reached XP level 10. HP: 38/74 MP: 13/16
  9455 | D:8      | Reached skill level 5 in Dodging
  9601 | D:8      | Noticed Maggie
  9601 | D:8      | Noticed a two-headed ogre
  9720 | D:8      | Found a staircase to the Lair.
  9787 | D:8      | Noticed Maurice
  9788 | D:8      | Maurice changed into Maurice the ice beast
  9788 | D:8      | Noticed Maurice
  9790 | D:8      | Killed Maurice the ice beast
 10710 | D:8      | Reached skill level 1 in Polearms
 11059 | D:8      | Killed a two-headed ogre
 11060 | D:8      | Killed Maggie
 11061 | D:8      | Reached skill level 5 in Polearms
 11061 | D:8      | Reached XP level 11. HP: 64/80 MP: 17/17
 11617 | D:9      | Noticed Grum
 11845 | D:9      | Paralysed by a hornet for 3 turns
 11907 | D:9      | Found Tyheiz's Jewellery Shop.
 11948 | D:9      | Killed Grum
 12654 | D:9      | You fall into a shaft and drop 1 floor!
 12654 | D:10     | Entered Level 10 of the Dungeon
 12923 | D:10     | Noticed Snorg
 13175 | D:10     | Reached * piety under Hepliaklqana
 13501 | D:11     | Reached skill level 1 in Shields
 14392 | D:11     | Noticed a brown ugly thing
 14545 | D:11     | Killed a brown ugly thing
 14609 | D:11     | Noticed a two-headed ogre
 14619 | D:11     | Killed a two-headed ogre
 14620 | D:11     | Reached skill level 10 in Polearms
 14894 | D:11     | Reached XP level 12. HP: 61/77 MP: 7/18
 16272 | D:12     | Reached ** piety under Hepliaklqana
 16273 | D:12     | Remembered your ancestor Bojana as a battlemage
 16366 | D:12     | Reached skill level 1 in Invocations
 16509 | D:12     | Reached skill level 10 in Fighting
 16853 | D:13     | Noticed a centaur warrior
 16853 | D:13     | Noticed a two-headed ogre
 16853 | D:13     | Found a gate to the Vaults.
 17414 | D:13     | Noticed a boulder beetle
 17426 | D:13     | Noticed a catoblepas
 17460 | D:13     | Killed a catoblepas
 17513 | D:13     | Killed a two-headed ogre
 17684 | D:13     | Noticed a centaur warrior
 17702 | D:13     | Killed a centaur warrior
 17880 | D:13     | Reached skill level 11 in Fighting
 17949 | D:13     | Reached XP level 13. HP: 64/85 MP: 15/19
 18158 | D:13     | Reached skill level 12 in Fighting
 18165 | D:13     | Learned a level 6 spell: Iron Shot
 19114 | D:9      | Bought a +6 ring of dexterity for 540 gold pieces
 19163 | Lair:1   | Entered Level 1 of the Lair of Beasts
 19539 | D:8      | Reached skill level 5 in Earth Magic
 20019 | Lair:1   | Reached *** piety under Hepliaklqana
 20484 | Lair:1   | Reached skill level 5 in Spellcasting
 20857 | Lair:1   | Learned a level 3 spell: Frozen Ramparts
 20859 | Lair:1   | Learned a level 1 spell: Apportation
 20860 | Lair:2   | You fall into a shaft and drop 1 floor!
 20877 | Lair:2   | Reached skill level 5 in Conjurations
 21300 | Lair:2   | Reached **** piety under Hepliaklqana
 22470 | Lair:3   | Found a staircase to the Shoals.
 22700 | Lair:3   | Reached XP level 14. HP: 92/92 MP: 14/22
 23021 | Lair:3   | Found a staircase to the Snake Pit.
 23110 | Lair:3   | Reached ***** piety under Hepliaklqana
 24490 | Lair:4   | Noticed Kirke
 24576 | Lair:5   | Entered Level 5 of the Lair of Beasts
 25390 | Lair:4   | Killed Kirke
 25391 | Lair:4   | Reached skill level 10 in Earth Magic
 25516 | Lair:4   | Found a staircase to the Slime Pits.
 26633 | Lair:5   | Reached XP level 15. HP: 68/97 MP: 20/25
 29539 | Lair:5   | Reached skill level 10 in Conjurations
 30204 | D:10     | Killed Snorg
 30386 | D:10     | Found a staircase to the Orcish Mines.
 30625 | D:14     | Identified 4 scrolls of acquirement
 30647 | D:14     | Acquired the +2 shield of Resistance {rF++ rC++ Will++}
 30647 | D:14     | Found the +2 shield of Resistance {rF++ rC++ Will++}
 30662 | D:14     | Acquired a staff of conjuration
 30664 | D:14     | Acquired a +4 demon trident of draining
 30666 | D:14     | Acquired the ring of Ecve {rN+ Will+ EV+5 Int+2 Slay+3}
 31435 | D:14     | Reached skill level 10 in Dodging
 33172 | D:15     | Entered Level 15 of the Dungeon
 33848 | D:15     | Reached XP level 16. HP: 85/104 MP: 28/28
 34092 | D:15     | Reached skill level 5 in Shields
 34331 | D:15     | Found a staircase to the Depths.
 34337 | D:15     | Noticed Azrael
 34376 | D:15     | Killed Azrael
 34492 | D:15     | Reached skill level 13 in Fighting
 35025 | Orc:1    | Entered Level 1 of the Orcish Mines
 35420 | Orc:2    | Entered Level 2 of the Orcish Mines
 35449 | Orc:2    | Found Ahusoz's General Store.
 35488 | Orc:2    | Found a staircase to the Elven Halls.
 35773 | Orc:2    | Found Puathrukh's General Store.
 35773 | Orc:2    | Found Riusm's Antique Weapon Boutique.
 35775 | Orc:2    | Found Xofalug's Distillery.
 35775 | Orc:2    | Found Fasa's Antique Weapon Emporium.
 36255 | Orc:2    | Bought a potion of curing for 36 gold pieces
 36255 | Orc:2    | Bought a potion of invisibility for 96 gold pieces
 36255 | Orc:2    | Bought a potion of heal wounds for 60 gold pieces
 36255 | Orc:2    | Bought a potion of heal wounds for 60 gold pieces
 36255 | Orc:2    | Bought a potion of cancellation for 96 gold pieces
 36258 | Orc:2    | Bought 2 potions of attraction for 108 gold pieces
 36761 | D:9      | Bought a +6 ring of strength for 540 gold pieces
 36845 | Elf:1    | Entered Level 1 of the Elven Halls
 37264 | Orc:2    | Upgraded the game from 0.30-a0-936-ge0d47acfc0 to
                  | 0.30-a0-939-gc8157cb160
 37435 | Shoals:1 | Entered Level 1 of the Shoals
 38424 | Shoals:1 | Reached skill level 14 in Fighting
 39240 | Shoals:2 | Reached XP level 17. HP: 112/112 MP: 29/29
 39919 | Shoals:2 | Found Idoaw's Antique Armour Shop.
 39951 | Shoals:2 | Noticed Ilsuiw
 39967 | Shoals:2 | Killed Ilsuiw
 40785 | Shoals:2 | Noticed a kraken
 40870 | Shoals:3 | Reached skill level 5 in Invocations
 40893 | Shoals:3 | Noticed Nikola
 40900 | Shoals:3 | Noticed Louise
 41596 | Shoals:3 | Reached skill level 15 in Fighting
 41825 | Shoals:3 | Killed Nikola
 41835 | Shoals:3 | Killed Louise
 42240 | Shoals:4 | Entered Level 4 of the Shoals
 43355 | Shoals:4 | Learned a level 2 spell: Passwall
 43479 | Shoals:4 | Got a barnacled rune of Zot
 44164 | Shoals:4 | Reached XP level 18. HP: 115/121 MP: 30/30
 44322 | Shoals:4 | Identified the staff of cold "Wiugoj" {rC+ Dex+3 Stlth+}
 44342 | Shoals:4 | Noticed Polyphemus
 45192 | Shoals:4 | Reached skill level 16 in Fighting
 45702 | Shoals:4 | Killed Polyphemus
 47153 | Elf:1    | Found Qorchotoa's Armour Shop.
 47931 | Elf:2    | Reached skill level 17 in Fighting
 48036 | Elf:2    | Found Zabb's Armour Shoppe.
 48081 | Elf:2    | Found Pucoonuf's One-of-a-Kind Books.
 48596 | Elf:2    | Found a runed translucent gate.
 48596 | Elf:2    | Found a runed translucent gate.
 48596 | Elf:2    | Found a runed translucent gate.
 48817 | Elf:3    | Entered Level 3 of the Elven Halls
 48915 | Elf:3    | Noticed a deep elf blademaster
 48915 | Elf:3    | Noticed a deep elf blademaster
 48956 | Elf:3    | Noticed Zenata
 48956 | Elf:3    | Paralysed by an air elemental for 1 turns
 49625 | Elf:3    | Killed Zenata
 50614 | Elf:3    | Killed a deep elf blademaster
 50889 | Elf:3    | Killed a deep elf blademaster
 50890 | Elf:3    | Reached XP level 19. HP: 91/130 MP: 28/31
 50993 | Elf:3    | Noticed Asterion
 51008 | Elf:3    | Killed Asterion
 51417 | Elf:3    | Identified the ring of the Harvest {rCorr MP+9 Str+3
                  | Stlth-}
 51486 | Elf:3    | Reached skill level 18 in Fighting
 51693 | Elf:3    | Identified the +3 robe of Daffodils {Rampage rPois Will+++
                  | Int+4}
 52528 | Elf:3    | Identified the +6 mace "Ytip" {venom, Drain +Blink rC+
                  | Will+}
 52528 | Elf:3    | Identified the ring "Bufadoqu" {rElec rC++ EV+5 Str-4
                  | Int+2}
 53200 | Elf:3    | Identified the ring of Xeduis {Will+++ rCorr Str+7 Dex-3
                  | SInv}
 53432 | Elf:3    | Identified the +0 leather armour "Tistraitu" {rF+}
 53447 | Elf:3    | Identified the ring "Wiloklym" {Fly rPois rC+ rN+++ Str-5}
 53551 | Elf:3    | Identified the +2 robe of the Guardian {rF+ rC+ Dex+3}
 53564 | Elf:3    | Identified the +0 troll leather armour of Indemnity {rElec
                  | Will+ Regen+}
 53963 | Elf:3    | Got the Secrets of the Wary Stories
 54380 | Snake:1  | Entered Level 1 of the Snake Pit
 54380 | Snake:1  | Found Meguif's Magic Scroll Shoppe.
 54385 | Snake:1  | Bought a scroll of fog for 56 gold pieces
 54385 | Snake:1  | Bought a scroll of acquirement for 728 gold pieces
 54385 | Snake:1  | Acquired a ring of poison resistance
 54461 | Snake:2  | Found Ygithri's Antique Armour Shop.
 54771 | Snake:2  | Identified the +1 quarterstaff of Gravity {vamp, rPois rC+
                  | Str+2}
 55395 | Snake:2  | Found Toleac's Assorted Antiques.
 55402 | Snake:2  | Bought a scorched bronze ring for 125 gold pieces
 55402 | Snake:2  | Identified the ring "Maottaqa" {AC+4 Int+2} (You bought it
                  | in a shop on level 2 of the Snake Pit)
 55402 | Snake:2  | Bought a potion of cancellation for 200 gold pieces
 55513 | Snake:2  | Found Abeprod's Book Shoppe.
 55550 | Snake:2  | Found Evela's General Store.
 55617 | Snake:2  | Bought a wand of roots (7) for 252 gold pieces
 55617 | Snake:2  | Bought a scroll of teleportation for 45 gold pieces
 56460 | Snake:1  | Reached skill level 10 in Shields
 56689 | Snake:3  | Found Peoch's Assorted Antiques.
 56700 | Snake:3  | Bought a scroll of fog for 100 gold pieces
 56700 | Snake:3  | Bought a scroll of blinking for 187 gold pieces
 56809 | Snake:3  | Noticed Mara
 56816 | Snake:3  | Noticed nakedcarnage's illusion
 56817 | Snake:3  | Killed Mara
 56818 | Snake:3  | Reached skill level 19 in Fighting
 56955 | Snake:3  | Acquired the ring "Yvouny" {Fly rPois Will+ Dex+2 Stlth+}
 56971 | Snake:3  | Reached XP level 20. HP: 140/140 MP: 33/33
 57578 | Snake:4  | Entered Level 4 of the Snake Pit
 57802 | Snake:4  | Reached skill level 15 in Earth Magic
 58370 | Snake:4  | Found Morhus's Antique Weapon Emporium.
 58692 | Snake:4  | Noticed Vashnia
 58700 | Snake:4  | Killed Vashnia
 58701 | Snake:4  | Reached skill level 10 in Spellcasting
 58725 | Snake:4  | Reached skill level 20 in Fighting
 59742 | Snake:4  | Got a serpentine rune of Zot
 60109 | Vaults:1 | Entered Level 1 of the Vaults
 60792 | Vaults:1 | Reached XP level 21. HP: 149/149 MP: 36/36
 60793 | Vaults:1 | Reached skill level 21 in Fighting
 61489 | Vaults:1 | Found Vujaod's Antique Armour Boutique.
 62904 | Vaults:2 | Reached skill level 22 in Fighting
 63295 | Vaults:3 | Noticed Bai Suzhen
 63307 | Vaults:3 | Killed Bai Suzhen
 63308 | Vaults:3 | Found a staircase to the Crypt.
 63308 | Vaults:3 | Found a basalt altar of Yredelemnul.
 63315 | Vaults:3 | Found an ancient bone altar of Kikubaaqudgha.
 63318 | Vaults:3 | Reached XP level 22. HP: 111/158 MP: 38/38
 63640 | Vaults:3 | Reached skill level 1 in Transmutations
 63809 | Vaults:3 | Noticed Boris
 63820 | Vaults:3 | Killed Boris
 64712 | Vaults:3 | Found Weonyol's Antique Weapon Shop.
 65684 | Vaults:4 | Identified the ring of Beogh, Blushing {Will+ Dex+2}
 65746 | Vaults:4 | Acquired the +2 hat "Zaakh" {Dex+5}
 66758 | Depths:1 | Entered Level 1 of the Depths
 66784 | Depths:1 | You are sucked into a shaft and drop 1 floor!
 66784 | Depths:2 | Found Ipriett's Book Shoppe.
 66856 | Depths:1 | Found a flickering gateway to a bazaar.
 66874 | Bazaar   | Entered a bazaar
 66874 | Bazaar   | Found Koirhiz's Assorted Antiques.
 66874 | Bazaar   | Found Byosmoub's Armour Emporium.
 66881 | Bazaar   | Found Fiargh's General Store.
 66897 | Bazaar   | Found Tuuvad's Assorted Antiques.
 66921 | Bazaar   | Bought a wand of roots (2) for 129 gold pieces
 66933 | Bazaar   | Bought a potion of mutation for 192 gold pieces
 66933 | Bazaar   | Bought a wand of roots (3) for 172 gold pieces
 66937 | Bazaar   | Bought a potion of invisibility for 72 gold pieces
 67086 | Depths:1 | Reached XP level 23. HP: 127/163 MP: 39/39
 67168 | Depths:1 | Found a gateway to Hell.
 67169 | Depths:1 | Found a one-way gate leading to the halls of Pandemonium.
 67320 | Depths:1 | Found a sacrificial altar of Ru.
 67700 | Depths:1 | Found a one-way gate to the infinite horrors of the Abyss.
 68055 | Depths:2 | Found a white marble altar of Elyvilon.
 68068 | Depths:2 | Reached ****** piety under Hepliaklqana
 68187 | Depths:2 | Reached skill level 15 in Conjurations
 68906 | Depths:2 | Noticed a juggernaut
 68908 | Depths:2 | Noticed a juggernaut
 68916 | Depths:2 | Killed a juggernaut
 68918 | Depths:2 | Killed a juggernaut
 69429 | Depths:3 | Paralysed by a floating eye for 2 turns
 69610 | Depths:3 | Reached skill level 15 in Dodging
 70559 | Depths:3 | Reached XP level 24. HP: 170/170 MP: 39/39
 70666 | Depths:3 | Found a one-way gateway to a ziggurat.
 70956 | Depths:4 | Entered Level 4 of the Depths
 71035 | Depths:4 | Found a stormy altar of Qazlal.
 71433 | Depths:4 | Noticed Boris
 71447 | Depths:4 | Killed Boris
 72303 | Depths:4 | Found a gate to the Realm of Zot.
 72705 | Depths:4 | Noticed a juggernaut
 72710 | Depths:4 | Killed a juggernaut
 73191 | Snake:3  | Bought a potion of haste for 250 gold pieces
 73207 | Snake:2  | Bought a scroll of enchant weapon for 187 gold pieces
 73219 | Snake:1  | Bought a scroll of enchant weapon for 105 gold pieces
 73219 | Snake:1  | Bought a scroll of enchant weapon for 105 gold pieces
 73219 | Snake:1  | Bought a scroll of enchant weapon for 105 gold pieces
 73308 | Slime:1  | Entered Level 1 of the Pits of Slime
 73546 | Slime:5  | Entered Level 5 of the Pits of Slime
 73668 | Slime:5  | Gained mutation: You are frail. (-10% HP) [a shining eye]
 73763 | Slime:5  | Found a viscous altar of Jiyva.
 73976 | Slime:5  | Noticed the Royal Jelly
 73985 | Slime:5  | Killed the Royal Jelly
 74020 | Slime:5  | Reached skill level 10 in Invocations
 74235 | Slime:5  | Identified the staff of cold "Sominaan" {Fly rC+ Str+2
                  | Dex+4}
 74268 | Slime:5  | Got a slimy rune of Zot
 74316 | Slime:5  | Learned a level 4 spell: Passage of Golubria
 74598 | Crypt:1  | Entered Level 1 of the Crypt
 74644 | Crypt:1  | Reached skill level 1 in Translocations
 74654 | Crypt:1  | Reached XP level 25. HP: 97/156 MP: 41/41
 74832 | Crypt:1  | Identified the +5 morningstar "Iwacam" {protect, rElec
                  | Str+2}
 75052 | Crypt:1  | Noticed Khufu
 75095 | Crypt:1  | Killed Khufu
 75660 | Crypt:2  | Noticed Boris
 75667 | Crypt:2  | Killed Boris
 75703 | Crypt:2  | Identified the ring "Imitwoju" {Ice Will+ Str+3}
 75703 | Crypt:2  | Noticed Josephina
 75721 | Crypt:2  | Killed Josephina
 75783 | Crypt:2  | Found a magical portal.
 75788 | WizLab   | Entered Doroklohe's Tomb
 76495 | Crypt:3  | Entered Level 3 of the Crypt
 76555 | Crypt:3  | Reached skill level 15 in Spellcasting
 76766 | Crypt:3  | Noticed a dread lich
 76777 | Crypt:3  | Killed a dread lich
 76778 | Crypt:3  | Reached skill level 5 in Translocations
 76894 | Crypt:3  | Found a staircase to the Tomb.
 77078 | Crypt:3  | Found a runed translucent door.
 77080 | Crypt:3  | Noticed Asajosug's ghost (legendary GrBe)
 77581 | Crypt:3  | Noticed an ancient lich
 77621 | Crypt:3  | Killed an ancient lich
 77750 | Crypt:3  | Identified the staff of earth "Mopteski" {Contam rF++ rC++}
 77772 | Crypt:3  | Identified the +1 ring mail of the Valley of Death {rPois
                  | rC+ rCorr Str-4 Int+2}
 78630 | Zot:1    | Entered Level 1 of the Realm of Zot
 78662 | Zot:1    | Reached XP level 26. HP: 129/160 MP: 43/43
 78992 | Zot:2    | Noticed a shard shrike
 78995 | Zot:2    | Noticed Parghit
 79005 | Zot:1    | Killed a shard shrike
 79934 | Zot:1    | You are sucked into a shaft and drop 1 floor!
 79987 | Zot:2    | HP: 5/160 [red draconian scorcher/damnation[a yellow
                  | draconian annihilator] (32)]
 81863 | Zot:3    | Noticed an orb of fire
 82430 | Depths:2 | Bought Great Wizards, Vol. II for 532 gold pieces
 82436 | Depths:2 | Learned a level 5 spell: Borgnjor's Vile Clutch
 82826 | Zot:5    | Entered Level 5 of the Realm of Zot
 82850 | Zot:5    | Got the Monograph on Repulsive Elsewhere
 83154 | Zot:5    | Found Irooshragou's Changing Room.
 83287 | Zot:5    | Reached skill level 5 in Necromancy
 84165 | Zot:5    | Noticed a dread lich
 84170 | Zot:5    | Killed a dread lich
 84170 | Zot:5    | Noticed an ancient lich
 84172 | Zot:5    | Killed an ancient lich
 84286 | Zot:5    | Noticed a dread lich
 84288 | Zot:5    | Noticed a dread lich
 84288 | Zot:5    | Noticed an orb of fire
 84293 | Zot:5    | Killed a dread lich
 84294 | Zot:5    | Reached XP level 27. HP: 165/165 MP: 42/43
 84296 | Zot:5    | Killed an orb of fire
 84299 | Zot:5    | Killed a dread lich
 84323 | Zot:5    | Noticed an ancient lich
 84325 | Zot:5    | Killed an ancient lich
 84497 | Zot:5    | Noticed an ancient lich
 84514 | Zot:5    | Killed an ancient lich
 84886 | Zot:5    | Noticed a dread lich
 84890 | Zot:5    | Killed a dread lich
 84901 | Zot:5    | Noticed an ancient lich
 84905 | Zot:5    | Noticed an ancient lich
 84946 | Zot:5    | Killed an ancient lich
 84952 | Zot:5    | Killed an ancient lich
 85254 | Zot:5    | Reached skill level 10 in Necromancy
 85411 | Zot:5    | Noticed a dread lich
 85413 | Zot:5    | Killed a dread lich
 85526 | Zot:5    | Noticed an orb of fire
 85532 | Zot:5    | Killed an orb of fire
 86842 | Zot:5    | Noticed a dread lich
 86849 | Zot:5    | Killed a dread lich
 87373 | Zot:5    | Got the Orb of Zot
 87707 | D:12     | Noticed Tianlor the pandemonium lord
 87939 | D:$      | Escaped with the Orb!

Illustrated notes

Levels and vault maps discovered:
D:1:      eino_arrival_cavern_a, layout_basic, shapermc_ecumenical_altar_petra,
          kennysheep_boxes
D:2:      layout_rooms
D:3:      layout_basic, uniq_natasha
D:4:      layout_rooms, corexii_shack, nicolae_concentric_dashed_squares_wild,
          hangedman_abyss_or_decor_passed, minmay_increasing_density
D:5:      layout_loops_ring, serial_shops, shop, gup_sewer_entry_bowl,
          serial_bayou_pond_d, nicolae_shop_firing_range
D:6:      layout_layer_cave
D:7:      layout_loops_ring, minitemple, minmay_temple_entry_crystal_x,
          enter_bailey_5
D:8:      layout_basic, due_lair_maze_entry_diamond, uniq_maggie, uniq_maurice
D:9:      layout_cave_pools, serial_shops, nicolae_shop_stone, uniq_grum
D:10:     layout_loops_cross, kennysheep_orc_monster_closet_entryway,
          grunt_decor_cap, uniq_snorg
D:11:     layout_roguey [special_room_orc]
D:12:     layout_long_grid, minmay_starry_boxes
D:13:     layout_loops_cross, david_vaults_3
D:14:     layout_rooms, serial_co_window_serial, co_window_paths_a,
          co_window_corner_a, co_window_paths_a, co_window_corner_a,
          co_window_corner_a, co_window_corner_a, co_window_paths_a,
          co_window_paths_a, co_window_paths_a, co_window_2corner,
          co_window_broadway_a, co_window_unsneaky_path_a, co_window_2corner,
          co_window_2corner, co_window_2corner, co_window_paths_e,
          glass_columns_b, glass_columns_a, glass_columns_b
D:15:     gammafunk_depths_entry_grave, layout_irregular_city,
          skrybe_limestone_x, uniq_azrael
Temple:   hellmonk_temple_flake
Lair:1:   layout_regular_city, infiniplex_staircase_pool
Lair:2:   layout_roguey
Lair:3:   layout_regular_city, elwin_shoals_entry_rooms,
          minmay_snake_entry_guardpost_small
Lair:4:   layout_hall_layers, nicolae_slime_entry_field_trip,
          kennysheep_basilisk_garden, grunt_megastairs_3, uniq_kirke
Lair:5:   evilmike_catoblepas_cave, layout_long_grid
Shoals:1: layout_shoals, argonaut_gorgonesque
Shoals:2: layout_shoals, serial_shops, shop_coins, nicolae_shoals_raging_river,
          uniq_ilsuiw
Shoals:3: nicolae_shoals_offshore_bank_account, layout_shoals, uniq_nikola,
          uniq_louise
Shoals:4: shoals_end_grunt_ice, layout_shoals, uniq_polyphemus
Snake:1:  layout_onion_interference, serial_shops, nicolae_shop_trees
Snake:2:  layout_onion_interference, serial_shops, nicolae_stop_n_shop_2,
          nicolae_stop_n_shop_2, nicolae_stop_n_shop_1, nicolae_shop_stone,
          guppyfry_snake_island, serial_bayou_shore_a, lemuel_fruit_tree
Snake:3:  nrook_guardian_serpent_snake_passage, layout_basic, serial_shops,
          shop, uniq_mara
Snake:4:  johnstein_snake_rune_scales, layout_cave_town, serial_shops,
          nicolae_shop_competitors_out_of_business, grunt_megastairs_1
Slime:1:  layout_caves
Slime:2:  layout_caves, uniq_donald
Slime:3:  cheibrodos_slime_lost_civilization_10, layout_caves,
          cheibrodos_slime_lost_civilization_7
Slime:4:  layout_caves, nicolae_slime_phagocytosis
Slime:5
Orc:1:    layout_caves
Orc:2:    st_orc_ogre_mass, layout_diamond_mine, serial_shops, shop
Elf:1:    layout_loops_cross, serial_shops, nicolae_shop_hallway_stairs,
          kennysheep_underground_church
Elf:2:    elven_hall_of_blades_hangedman_original [nicolae_blade_little_rooms],
          layout_geoelf_octagon, serial_shops, nicolae_shop_behind_doors,
          nicolae_rare_books
Elf:3:    minmay_elf_hall, layout_geoelf_octagon, uniq_zenata, uniq_asterion
Vaults:1: nicolae_vaults_border_crossing, nicolae_vaults_branching_niches,
          v_alt_pattern_5, nicolae_vaults_little_squares_6,
          vaults_standard_mumra_x, nicolae_vaults_yaktaur_gun_rack,
          vaults_room_stairs_pillars, vaults_mumra_minichess_inversion,
          vaults_room_fours, vaults_room_stairs_pillars, ontoclasm_vaults_idyll,
          layout_vaults_omnigrid, serial_shops, shop
Vaults:2: hangedman_vaults_trim, nicolae_vaults_stairing_the_circle,
          ontoclasm_vaults_fault, hangedman_vaults_river_flow, v_misc_24,
          st_more_cells, vaults_standard_mumra_lines, ontoclasm_vaults_gateway,
          nicolae_vaults_little_squares_6, ontoclasm_vaults_chip,
          ontoclasm_vaults_decontamination, layout_vaults_omnicross
Vaults:3: ontoclasm_vaults_eye, minmay_crypt_entry_necro_gods,
          nicolae_vaults_little_squares_6, vaults_room_ringed_pool,
          nicolae_vaults_twisting_passages, hangedman_vaults_nails, v_misc_1,
          ontoclasm_vaults_ring_large, hangedman_vaults_trim,
          nicolae_vaults_little_squares_5, nicolae_vaults_little_squares_4,
          vaults_dpeg_diagonal, layout_vaults_ring, serial_shops, shop,
          uniq_boris, uniq_margery, uniq_bai_suzhen
Vaults:4: ontoclasm_vaults_twist, vaults_room_octagon,
          nicolae_vaults_network_quinsquares
          [nicolae_vaults_network_quincunx_subvault,
          nicolae_vaults_network_quincunx_subvault,
          nicolae_vaults_network_quincunx_subvault,
          nicolae_vaults_network_quincunx_subvault], ontoclasm_vaults_pinch,
          special_room_vaults [special_room_orc], vaults_dpeg_hooks, v_misc_23,
          nicolae_vaults_network_periphery, hangedman_vaults_capsules,
          hangedman_vaults_maws, layout_vaults_maze_snakey
Crypt:1:  layout_misc_corridors, roderic_lattice_octagonal_star,
          grunt_crypt_arrival_webbed, uniq_khufu
Crypt:2:  layout_chaotic_city, infiniplex_enter_wizlab_spiral, uniq_josephina
Crypt:3:  due_elkab, layout_chaotic_city, ebering_ghost_inner_flame,
          amcnicky_mini_rare_corridor_liquid, grunt_ministairs_15
Depths:1: layout_cave_pools, nicolae_ru_sacrificial_ziggurat, pan_entry,
          hell_entry, serial_shops, bzr_entry_customers,
          abyss_entry_small_statue_room, chequers_serial_rivers_room_a,
          kennysheep_crisscross, drop_trap, wheals_unrand_guarded_autumn_katana,
          serial_bayou_shore_b
Depths:2: kennysheep_four_of_diamonds, layout_small_grid, serial_shops,
          nicolae_stop_n_shop_2, pan_entry, elyvilon_altar_4, hell_entry,
          kennysheep_nondescript, minmay_staircase_windowed_small
Depths:3: minmay_mutant_horseshoe, layout_cave_shapes, enter_ziggurat_f,
          nicolae_abyss_entry_one_way_or_another, grunt_metal_band,
          hangedman_abyss_or_decor_stagger, infiniplex_staircase_door_maze
Depths:4: evilmike_zot_entry_gauntlet, layout_twisted_cross,
          nicolae_qazlal_scattered_showers, grunt_hell_entry_dis_old,
          abyss_entry, minmay_liquid_box, chequers_serial_rivers_small_a,
          grunt_ministairs_12, nicolae_danse_macabre
Zot:1:    nicolae_zot_stationary_front, layout_onion_interference
Zot:2:    layout_basic, hangedman_zot_spectrum, uniq_parghit, uniq_grunn
Zot:3:    layout_cellular_growth
Zot:4:    layout_cathedral_of_symmetry, uniq_tiamat
Zot:5:    layout_basic, nicolae_transmutations_shop

Skill      XL: |  1  2  3  4  5  6  7  8  9 10 11 12 13 14 15 16 17 18 19 20 21 22 23 24 25 26 27 |
---------------+----------------------------------------------------------------------------------+-----
Earth Magic    | 3 7 11 13 14 15 16 17 18 19 21 | 21.9
Fighting       | 3 4 5 7 9 11 12 14 15 17 19 20 22 | 22.0
Dodging        | 1 2 3 4 7 9 10 11 12 13 15 17 18 | 18.0
Evocations     | 2 3 4 5 6 |  6.6
Conjurations   | 2 6 9 10 11 14 17 18 19 20 | 20.5
Spellcasting   | 3 4 5 7 8 9 11 12 14 16 | 16.0
Summonings     | 1 5 |  5.0
Ice Magic      | 2 |  2.0
Polearms       | 5 10 12 13 14 | 14.0
Shields        | 3 4 9 10 | 10.0
Invocations    | 4 7 9 10 | 10.0
Transmutations | 3 |  3.0
Translocations | 1 5 |  5.0
Necromancy     | 7 12 | 12.4
Stealth        | |  1.3

Action                     |  1- 3 |  4- 6 |  7- 9 | 10-12 | 13-15 | 16-18 | 19-21 | 22-24 | 25-27 || total
---------------------------+-------+-------+-------+-------+-------+-------+-------+-------+-------++-------
  Melee: Club              |     7 |       |       |       |       |       |       |       |       ||     7
         Tentacles         |     7 |     4 |    45 |   109 |   187 |   158 |   235 |   410 |   288 ||  1443
         Constrict         |     6 |     4 |    54 |    48 |    83 |    85 |    96 |    94 |   114 ||   584
         Dagger            |    18 |    20 |   161 |    67 |       |       |       |       |       ||   266
         Punch             |     2 |       |     2 |    10 |    10 |    10 |    15 |    21 |    20 ||    90
         Unarmed           |     1 |    10 |    18 |       |       |       |       |       |       ||    29
         Spear             |       |       |       |   414 |   685 |       |       |       |       ||  1099
         Demon trident     |       |       |       |       |    61 |   757 |  1006 |  1264 |   971 ||  4059
   Fire: Sling             |    21 |    16 |       |       |       |       |       |       |       ||    37
  Throw: Dart              |       |       |     6 |     7 |     8 |     1 |       |     1 |       ||    23
         Throwing net      |       |       |     1 |     1 |       |       |       |     2 |       ||     4
   Cast: Sandblast         |    26 |    38 |   104 |    55 |     1 |       |       |       |       ||   224
         Call Canine Famil |       |       |     5 |    58 |    19 |       |       |       |       ||    82
         Ozocubu's Armour  |       |       |     1 |    16 |    17 |       |       |       |       ||    34
         Frozen Ramparts   |       |       |       |       |     1 |       |       |       |       ||     1
         Iron Shot         |       |       |       |       |    70 |    62 |    15 |    38 |    83 ||   268
         Apportation       |       |       |       |       |     1 |       |       |       |       ||     1
         Passwall          |       |       |       |       |       |       |       |       |     7 ||     7
 Invoke: Recall Ancestor   |       |       |       |     7 |    15 |    15 |     9 |     8 |    18 ||    72
         Ancestor Life: Ba |       |       |       |     1 |       |       |       |       |       ||     1
         Idealise          |       |       |       |       |    11 |    12 |     5 |     8 |    10 ||    46
  Evoke: Wand              |       |     6 |    34 |    37 |     7 |     6 |     1 |     1 |     6 ||    98
         Tin of tremorston |       |       |       |       |     2 |       |       |       |       ||     2
         Phantom mirror    |       |       |       |       |     1 |     2 |       |       |       ||     3
    Use: Potion            |       |     2 |     3 |     6 |     8 |     8 |     1 |     4 |    11 ||    43
         Scroll            |       |       |     3 |     6 |    23 |    23 |     6 |    15 |    14 ||    90
   Stab: Sleeping          |     3 |     2 |     7 |       |     7 |     9 |    16 |     9 |     4 ||    57
         Distracted        |       |       |       |     5 |    21 |    20 |    24 |    34 |    32 ||   136
         Petrified         |       |       |       |     1 |       |       |       |       |       ||     1
         Invisible         |       |       |       |       |     1 |     8 |       |       |     2 ||    11
 Armour: Skin              |     4 |     2 |    59 |    38 |    45 |     5 |    18 |    24 |    23 ||   218
  Dodge: Dodged            |    15 |    24 |   150 |   175 |   273 |   341 |   364 |   479 |   472 ||  2293
  Block: Buckler           |       |       |       |    28 |    75 |       |       |       |       ||   103
         Kite shield       |       |       |       |       |    43 |   243 |   354 |   533 |   443 ||  1616
         Reflection        |       |       |       |       |       |       |    27 |    37 |     2 ||    66

Table legend: (Time is in decaauts)
 A = Elapsed time spent in this place.
 B = Non-inter-level travel time spent in this place.
 C = Inter-level travel time spent in this place.
 D = Time resting spent in this place.
 E = Time spent auto-exploring this place.
 F = Levels seen in this place.
 G = Mean time per level.
                   A        B        C        D        E       F      G
               +--------+--------+--------+--------+--------+-----+--------+
         Total |  86624 |  80117 |   6507 |  32546 |  32082 |  59 | 1468.2 |
       Dungeon |  25226 |  22718 |   2508 |   8559 |   9651 |  15 | 1681.7 |
        Temple |    156 |    154 |      2 |      0 |    132 |   1 |  156.0 |
          Lair |  10602 |   9653 |    949 |   4318 |   3634 |   5 | 2120.4 |
        Shoals |   8917 |   8644 |    273 |   4170 |   2943 |   4 | 2229.2 |
     Snake Pit |   5505 |   5294 |    211 |   1525 |   2941 |   4 | 1376.2 |
    Slime Pits |   1032 |    991 |     41 |    524 |      0 |   5 |  206.4 |
  Orcish Mines |   2323 |   2131 |    192 |    804 |   1055 |   2 | 1161.5 |
   Elven Halls |   7448 |   7121 |    327 |   4894 |   1288 |   3 | 2482.7 |
        Vaults |   6477 |   6148 |    329 |    951 |   3948 |   4 | 1619.2 |
         Crypt |   3657 |   3513 |    144 |    267 |   2315 |   3 | 1219.0 |
        Depths |   6645 |   5730 |    915 |   1556 |   2889 |   4 | 1661.2 |
           Zot |   7934 |   7324 |    610 |   4824 |    959 |   5 | 1586.8 |
        Bazaar |     71 |     71 |      0 |      0 |     33 |   1 |   71.0 |
         Sewer |    540 |    540 |      0 |    100 |    294 |   1 |  540.0 |
        Bailey |     74 |     74 |      0 |     49 |      0 |   1 |   74.0 |
        Wizlab |      8 |      8 |      0 |      0 |      0 |   1 |    8.0 |
               +--------+--------+--------+--------+--------+-----+--------+

Top non-repeatable levels by time:
   Elf:3: 5005 daAuts
   Zot:5: 4508 daAuts
Shoals:4: 3962 daAuts
  Lair:5: 3214 daAuts
     D:8: 3128 daAuts
    D:14: 2806 daAuts
  Lair:4: 2570 daAuts
Depths:4: 2413 daAuts
 Snake:4: 2285 daAuts
    D:12: 2261 daAuts
  Lair:3: 2146 daAuts
Vaults:3: 2114 daAuts
    D:13: 2048 daAuts
     D:7: 2038 daAuts
    D:11: 1775 daAuts
